 Dungeon Crawl Stone Soup version 0.21.1-1-g345015fe64 (webtiles) character file.

66 Fascinator the Stinger (level 3, 0/14 HPs)
             Began as a Felid Venom Mage on July 10, 2018.
             Succumbed to an adder's poison
             ... on level 2 of the Dungeon.
             The game lasted 00:07:51 (2216 turns).

Fascinator the Stinger (Felid Venom Mage)           Turns: 2216, Time: 00:07:52

Health: 0/14       AC:  1    Str:  4    XL:     3   Next: 96%
Magic:  1/7        EV: 18    Int: 17    God:
Gold:   53         SH:  0    Dex: 16    Spells: 1/7 levels left
                                        Lives:  0   Deaths: 0

rFire    . . .     SeeInvis +   (weapon unavailable)
rCold    . . .     Gourm    .   (shield unavailable)
rNeg     . . .     Faith    .   (armour unavailable)
rPois    .         Spirit   .   (helmet unavailable)
rElec    .         Reflect  .   (cloak unavailable)
rCorr    .         Harm     .   (gloves unavailable)
MR       .....                  (boots unavailable)
Stlth    +++.......             (no amulet)
HPRegen  0.04/turn              (no ring)
MPRegen  0.10/turn              (no ring)

@: lethally poisoned (0 -> -13), very slightly contaminated, quick
A: very small, no armour, no weapons or thrown items, stealth, claws 1, fangs 3,
see invisible, carnivore, speed 1, shaggy fur 1, slow metabolism 1, sharp paws
a: no special abilities


You were on level 2 of the Dungeon.
You were full.

You visited 1 branch of the dungeon, and saw 3 of its levels.

You collected 53 gold pieces.

Inventory:

Jewellery
 n - an uncursed amulet of the gourmand {unknown}
Scrolls
 c - a scroll of magic mapping {unknown}
 e - a scroll of remove curse {unknown}
 f - 2 scrolls of noise {unknown}
 g - 2 scrolls of amnesia {unknown}
 h - 2 scrolls of identify {unknown}
Potions
 d - a potion of might {unknown}
 i - a potion of lignification {unknown}
 j - 2 potions of agility {unknown}
 k - a potion of curing {unknown}
 l - a potion of flight {unknown}
 m - a potion of magic {unknown}
Books
 a - a Young Poisoner's Handbook

   Spells                             Type                      Level
   a - Sting                          Conjuration/Poison           1
   b - Poisonous Vapours              Poison/Air                   2
   c - Mephitic Cloud                 Conjuration/Poison/Air       3
   d - Olgreb's Toxic Radiance        Poison                       4
   e - Venom Bolt                     Conjuration/Poison           5
Comestibles
 b - 9 rations


   Skills:
 + Level 0.1 Fighting
 + Level 3.1 Dodging
 + Level 3.1 Stealth
 + Level 2.5 Spellcasting
 + Level 1.5 Conjurations
 + Level 3.5 Poison Magic


You had one spell level left.
You knew the following spells:

 Your Spells              Type           Power        Failure   Level  Hunger
a - Sting                 Conj/Pois      ##..         6%          1    #......
b - Poisonous Vapours     Pois/Air       #.....       14%         2    ##.....
c - Mephitic Cloud        Conj/Pois/Air  #.......     28%         3    ###....


Dungeon Overview and Level Annotations

Branches:
Dungeon (3/15)

Altars:
Ashenzari


Innate Abilities, Weirdness & Mutations

You cannot wear armour.
You are incapable of wielding weapons or throwing items.
Your paws allow you to move quietly. (Stealth)
You have sharp claws.
You have razor-sharp teeth.
You have supernaturally acute eyesight. (SInv)
You are carnivorous and can eat meat at any time.
You cover ground quickly.
You are covered in fur. (AC +1)
You have a slow metabolism.
Your sharp claws are effective at attacking unaware monsters.


Message History

You scratch the adder but do no damage.
The adder is severely wounded.
You feel sick. The adder closely misses you.
You closely miss the adder.
The adder is severely wounded.
The adder bites you.
* * * LOW HITPOINT WARNING * * *
You are more poisoned.
The adder poisons you!
You scratch the adder but do no damage.
The adder is severely wounded.
* * * LOW HITPOINT WARNING * * *
You feel sick. The adder misses you. The adder closely misses you.
You scratch the adder.
The adder is almost dead.
* * * LOW HITPOINT WARNING * * *
You feel sick.
The adder looks more healthy.
The adder barely misses you.
You closely miss the adder.
The adder is almost dead.
You die...

##########........##...#######.
#.................###........#.
#.................# #.......(#)
#.................# #........#.
############'#.#### #........'.
#.....######........#.
#.........##........#.
#.........##........#.
#...S@....##........#.
##############.#.......#+###.###.
...........# #.#.####.##.###.#...
##########.# #......)......#.#.#.
#.....# #.# ###.###.....#.#...#.
##.....###)#####'###.....#.#.###.
.........................#.#...#.
##.....###.#.............#..<..##
...........#.............###.#...


You could see an adder.

Vanquished Creatures
  2 adders (D:2)
  3 dart slugs (D:1)
  A leopard gecko (D:1)
  2 bats
  2 giant cockroaches
  7 goblins
  6 hobgoblins (D:1)
  3 jackals (D:1)
  7 kobolds
  2 frilled lizards (D:2)
  4 rats (D:1)
39 creatures vanquished.

Notes
Turn   | Place    | Note
-------+----------+-------------------------------------------
     0 | D:1      | Fascinator the Felid Venom Mage began the quest for the Orb.
     0 | D:1      | Reached XP level 1. HP: 7/7 MP: 4/4
   133 | D:1      | Reached XP level 2. HP: 6/11 MP: 0/6
   382 | D:1      | Learned a level 2 spell: Poisonous Vapours
   793 | D:1      | Reached skill level 1 in Conjurations
   915 | D:1      | Reached XP level 3. HP: 14/14 MP: 3/7
  1599 | D:2      | Learned a level 3 spell: Mephitic Cloud
  2101 | D:2      | Found a shattered altar of Ashenzari.
  2216 | D:2      | Succumbed to an adder's poison

Skill      XL: |  1  2 |
---------------+-------+-----
Dodging        | 3 |  3.1
Stealth        | 3 |  3.1
Poison Magic   | 3 |  3.5
Conjurations   | 1 |  1.5
Fighting       | |  0.1
Spellcasting   | |  2.5

Action                   || total
-------------------------++-------
Melee: Unarmed           ||    45
       Bite              ||     4
 Cast: Sting             ||    81
       Poisonous Vapours ||     4
  Eat: Chunk             ||     7
Armor: Skin              ||     2
Dodge: Dodged            ||    47
